 Dungeon Crawl Stone Soup version 0.29-a0-330-g52719c12eb (webtiles) character file.

Game seed: 1901699254559046420

3824 Danton1414 the Magician (level 10, -6/56 HPs)
             Began as a Gargoyle Venom Mage on Apr 14, 2022.
             Mangled by a yak (12 damage)
             ... on level 8 of the Dungeon.
             The game lasted 00:42:35 (9216 turns).

Danton1414 the Magician (Gargoyle Venom Mage)       Turns: 9216, Time: 00:42:37

Health: -6/56      AC:  9    Str: 12    XL:     10   Next: 17%
Magic:  7/20       EV: 12    Int: 20    God:
Gold:   222        SH:  5    Dex: 10    Spells: 14/23 levels left

rFire   . . .      SeeInvis .   K - staff of poison
rCold   . . .      Faith    .   (no shield)
rNeg    + . .      Spirit   .   a - +0 robe
rPois   ∞          Reflect  +   (no helmet)
rElec   +          Harm     .   (no cloak)
rCorr   .          Rampage  .   (no gloves)
Will    .....                   (no boots)
Stlth   ++........              l - amulet of reflection
HPRegen 0.18/turn               J - ring of flight
MPRegen 0.17/turn               (no ring)

@: marked, flying
A: sickness immunity, AC +7, negative energy resistance 1, electricity
resistance, torment resistance 1, petrification resistance
a: no special abilities


You were on level 8 of the Dungeon.
You visited 2 branches of the dungeon, and saw 9 of its levels.

You collected 522 gold pieces.
You spent 300 gold pieces at shops.

Inventory:

Hand Weapons
 i - a +2 quarterstaff of speed
 r - a +1 hunting sling of freezing
Missiles
 f - 143 stones
 p - 4 javelins (quivered)
 u - 7 curare-tipped darts
 L - 26 poisoned darts
Armour
 a - a +0 robe (worn)
 I - a +3 leather armour
Magical Staves
 K - a staff of poison (weapon)
Jewellery
 l - an amulet of reflection (around neck)
 C - a ring of ice
 J - a ring of flight (left hand)
 N - an amulet of faith
Wands
 q - a wand of polymorph (4)
 y - a wand of flame (32)
 E - a wand of digging (5)
 P - a wand of charming (7)
 Q - a wand of acid (12)
Scrolls
 d - a scroll of enchant armour {unknown}
 h - 7 scrolls of identify {unknown}
 k - 13 scrolls of teleportation {unknown}
 o - 2 scrolls of noise {unknown}
 s - 2 scrolls of fear {unknown}
 t - a scroll of blinking {unknown}
 v - a scroll of immolation {unknown}
 z - a scroll of silence {unknown}
 A - a scroll of vulnerability {unknown}
 D - 2 scrolls of fog {unknown}
 H - a scroll of summoning {unknown}
 O - a scroll of holy word {unknown}
Potions
 b - a potion of magic
 c - 4 potions of lignification {unknown}
 e - 2 potions of curing {unknown}
 g - a potion of ambrosia {unknown}
 j - 2 potions of flight {unknown}
 m - 3 potions of might {unknown}
 n - 2 potions of attraction {unknown}
 w - 3 potions of heal wounds {unknown}
 x - a potion of cancellation {unknown}
 B - 3 potions of haste {unknown}
 F - a potion of brilliance
 G - 2 potions of mutation {unknown}
 M - 3 potions of degeneration {unknown}


   Skills:
 + Level 3.2 Fighting
 + Level 6.4 Staves
 + Level 3.5 Dodging
 + Level 3.2 Stealth
 + Level 2.8 Shields
 + Level 7.0 Spellcasting
 + Level 4.1 Summonings
 + Level 2.9 Transmutations
 + Level 1.8 Air Magic
 + Level 5.9 Poison Magic


You had 14 spell levels left.
You knew the following spells:

 Your Spells              Type           Power      Damage    Failure   Level
a - Sting                 Tmut/Pois      100%       1d8       1%          1
b - Poisonous Vapours     Pois/Air       68%        N/A       2%          2
c - Call Imp              Summ           23%        N/A       2%          2
d - Olgreb's Toxic Radia  Pois           46%        N/A       8%          4

Your spell library contained the following spells:

 Spells                   Type           Power      Damage    Failure   Level
 Magic Dart               Conj           28%        1d4       10%         1
 Mephitic Cloud           Conj/Pois/Air  26%        N/A       10%         3
 Ozocubu's Armour         Ice            7%         N/A       28%         3
 Passage of Golubria      Tloc           7%         N/A       67%         4
 Silence                  Hex/Air        5%         N/A       87%         5
 Ozocubu's Refrigeration  Ice            3%         4d5       100%        7
 Lehudib's Crystal Spear  Conj/Erth      3%         10d3      100%        8


Dungeon Overview and Level Annotations

Branches:
Dungeon (8/15)             Temple (1/1) D:7
   Lair: D:8-11

Altars:
Ashenzari
Cheibriados
Dithmenos
Elyvilon
Fedhas
Gozag
Hepliaklqana
Kikubaaqudgha
Makhleb
Nemelex Xobeh
Ru
Sif Muna
Vehumet
Wu Jian
Xom
Yredelemnul
Zin
The Shining One

Shops:
D:2 *   D:5 *


Innate Abilities, Weirdness & Mutations

You are immune to sickness and miasma.
Your stone body is resilient. (AC +7)
You are immune to poison.
You resist negative energy. (rN+)
You are resistant to electric shocks. (rElec)
You are resistant to unholy torment.
You are immune to petrification.


Message History

Your toxic aura wanes.
The yak gores you!
* * * LOW HITPOINT WARNING * * *
Your crimson imp hits the yak.
The yak closely misses your crimson imp.
You hit the yak but do no damage.
The yak is heavily wounded.
You barely miss the yak.
The yak is heavily wounded.
The yak barely misses you.
Your crimson imp hits the yak but does no damage.
You hit the yak but do no damage.
You envenom the yak.
The yak looks even sicker.
The yak is severely wounded.
The yak misses your crimson imp. The yak barely misses you.
Your crimson imp hits the yak.
You barely miss the yak.
The yak is severely wounded.
The yak closely misses your crimson imp.
The yak gores you but does no damage.
Your crimson imp blinks!
You hit the yak.
The yak is severely wounded.
The yak gores you!
* * * LOW HITPOINT WARNING * * *
The yak attacks as you move away! You block the yak's attack.
The yak attacks as you move away! The yak gores you.
* * * LOW HITPOINT WARNING * * *
You kill the yak!
Your crimson imp blinks!
Your Spellcasting skill increases to level 7!
Casting: Call Imp (safe; 2% risk of failure)
Confirm with . or Enter, or press ? or * to list all spells.
Aiming: Sting (safe; 1% risk of failure)
Press: ? - help, Shift-Dir - straight line, f - yak
Aim: a yak (almost dead, very poisoned, ally target, 87% to hit)
You feel a surge of power!
The sting hits the yak.
The yak looks even sicker.
The yak is almost dead.
The yak gores you!
You die...

#.##.....[.#..# ### #...
#.##............ ... ####
#.....<.#####.#. .. ......#.#
#.#.#..# #>#....... .....).
......#.######....# #
.................# .#.
.................# ....
...####.........@###..##..#
#####)).).......Y.......o.
##....#..).....§Y#.......#
...####.....5).....####.)## ...#
#......)....## ##o..## ...#
##.........## ##.....## ...#
#.#####...####.).....#
...#####.###...#..).Y)......####
...#.........########).........#


You could see 2 yaks and a friendly crimson imp (summoned).

Vanquished Creatures
  Pikel (D:5)
  2 kobold demonologists (D:8)
  Grinder (D:5)
  Sigmund (D:5)
  A yak (D:8)
  Edmund (D:6)
  2 water moccasins (D:5)
  An orc warrior (D:8)
  A black bear (D:5)
  An ogre (D:7)
  A centaur (D:8)
  3 kobold brigands
  5 bullfrogs
  2 necrophages
  2 scorpions
  A howler monkey (D:7)
  3 jellies
  A hound (D:5)
  6 orc priests
  5 orc wizards
  11 adders
  2 white imps
  3 worms
  A dart slug (D:1)
  24 orcs
  7 ball pythons
  4 endoplasms
  A giant cockroach (D:2)
  6 goblins
  5 hobgoblins
  6 jackals
  19 kobolds
  7 quokkas
  4 bats
  2 frilled lizards (D:1)
  7 rats
150 creatures vanquished.

Vanquished Creatures (collateral kills)
  Menkaure (D:4)
  A water moccasin (D:6)
  An iguana (D:5)
  An adder (D:5)
  An orc (D:5)
  A hobgoblin (D:3)
6 creatures vanquished.

Grand Total: 156 creatures vanquished

Notes
Turn   | Place    | Note
-------+----------+-------------------------------------------
     0 | D:1      | Danton1414 the Gargoyle Venom Mage began the quest for the
                  | Orb.
     0 | D:1      | Reached XP level 1. HP: 10/10 MP: 3/3
   557 | D:1      | Reached XP level 2. HP: 13/15 MP: 3/5
   755 | D:1      | Reached skill level 1 in Transmutations
   837 | D:1      | Reached XP level 3. HP: 19/19 MP: 6/6
  1137 | D:2      | Identified the -2 helmet "Gaiv" {rF++ Regen+ Str-5}
  1180 | D:2      | Reached skill level 1 in Shields
  1243 | D:2      | Reached skill level 1 in Staves
  1291 | D:2      | Found a glowing silver altar of Zin.
  1297 | D:2      | Found Uhaunlor's General Store.
  1564 | D:2      | Reached XP level 4. HP: 24/24 MP: 5/7
  2382 | D:3      | Reached XP level 5. HP: 27/28 MP: 6/8
  2688 | D:3      | Learned a level 2 spell: Poisonous Vapours
  3184 | D:3      | Reached XP level 6. HP: 33/33 MP: 8/10
  3187 | D:3      | Learned a level 2 spell: Call Imp
  3268 | D:4      | Reached skill level 3 in Spellcasting
  3284 | D:4      | Noticed Menkaure
  3468 | D:4      | Killed Menkaure
  3469 | D:4      | Reached skill level 1 in Fighting
  3641 | D:4      | Reached XP level 7. HP: 38/38 MP: 11/11
  3849 | D:4      | Found a snail-covered altar of Cheibriados.
  3918 | D:5      | Entered Level 5 of the Dungeon
  4147 | D:5      | Noticed Sigmund
  4177 | D:5      | Killed Sigmund
  4178 | D:5      | Reached skill level 1 in Summonings
  4307 | D:5      | Noticed Grinder
  4332 | D:5      | Killed Grinder
  4333 | D:5      | Reached skill level 4 in Spellcasting
  4333 | D:5      | Reached XP level 8. HP: 32/43 MP: 11/14
  5367 | D:5      | Noticed Pikel
  5399 | D:5      | Killed Pikel
  5400 | D:5      | Reached skill level 5 in Staves
  5400 | D:5      | Reached skill level 5 in Spellcasting
  5400 | D:5      | Reached skill level 1 in Air Magic
  5400 | D:5      | Reached XP level 9. HP: 46/48 MP: 5/16
  5531 | D:5      | Found Juhaalun's Serpentskin Sales.
  5547 | D:5      | Reached skill level 5 in Poison Magic
  6002 | D:6      | Found a broken altar of Ashenzari.
  6317 | D:5      | Bought a staff of poison for 300 gold pieces
  6371 | D:6      | Noticed Edmund
  6398 | D:6      | HP: 2/49 [Edmund/+1 flail of draining (4)]
  6401 | D:6      | Killed Edmund
  7116 | D:7      | Found a staircase to the Ecumenical Temple.
  7137 | Temple   | Entered the Ecumenical Temple
  8299 | D:7      | Found a hazy altar of Hepliaklqana.
  8310 | D:7      | Found a radiant altar of Vehumet.
  8315 | D:7      | Found an opulent altar of Gozag.
  8495 | D:7      | Learned a level 4 spell: Olgreb's Toxic Radiance
  8854 | D:8      | Found a sparkling altar of Nemelex Xobeh.
  8995 | D:8      | Noticed a kobold demonologist
  8995 | D:8      | Noticed a kobold demonologist
  8998 | D:8      | Noticed a smoke demon
  9003 | D:8      | Reached skill level 6 in Spellcasting
  9007 | D:8      | Noticed a hellwing
  9007 | D:8      | Killed a kobold demonologist
  9009 | D:8      | Killed a kobold demonologist
  9010 | D:8      | Reached XP level 10. HP: 37/56 MP: 2/20
  9216 | D:8      | Reached skill level 7 in Spellcasting
  9216 | D:8      | Mangled by a yak

Illustrated notes

Levels and vault maps discovered:
D:1:      lightli_arrival_flooded_house, layout_loops_ring,
          minmay_misc_feat_roman
D:2:      layout_basic, basic_altar, serial_shops, nicolae_shop_crystal
D:3:      layout_rooms
D:4:      layout_rooms, slow_altar_2, uniq_menkaure
D:5:      layout_loops_cross, guppyfry_shop_venom, uniq_sigmund, uniq_pikel,
          uniq_grinder
D:6:      layout_loops_ring, ashenzari_conservatory_becter, grunt_ministairs_8,
          uniq_edmund
D:7:      layout_loops_ring, minmay_overflow_temple_star_quad,
          minmay_temple_entry_wispy
D:8:      layout_rooms, kennysheep_okawaru_gauntlet,
          nemelex_diamond_rough_becter
Temple:   minmay_temple_forest_path

Skill      XL: |  1  2  3  4  5  6  7  8  9 10 |
---------------+-------------------------------+-----
Transmutations | 1 2 |  2.9
Shields        | 1 2 |  2.8
Staves         | 1 2 3 4 5 6 |  6.4
Dodging        | 2 3 |  3.5
Poison Magic   | 4 5 |  5.9
Spellcasting   | 3 4 5 6 7 |  7.0
Fighting       | 1 2 3 |  3.2
Summonings     | 1 3 4 |  4.1
Air Magic      | 1 |  1.8
Stealth        | 3 |  3.2

Action                   |  1- 3 |  4- 6 |  7- 9 | 10-12 || total
-------------------------+-------+-------+-------+-------++-------
Melee: Unarmed           |     9 |       |       |       ||     9
       Quarterstaff      |    42 |   105 |   190 |       ||   337
       Staff             |       |       |    69 |    10 ||    79
       Punch             |       |       |     1 |       ||     1
 Cast: Sting             |    26 |    43 |    48 |     1 ||   118
       Poisonous Vapours |       |     3 |    21 |       ||    24
       Call Imp          |       |     3 |    33 |     4 ||    40
       Olgreb's Toxic Ra |       |       |     5 |     4 ||     9
 Stab: Sleeping          |     2 |       |       |       ||     2
Armor: Robe              |    13 |    29 |    51 |     5 ||    98
Dodge: Dodged            |    27 |    59 |   111 |     3 ||   200
Block: Other             |     7 |    24 |    61 |     3 ||    95
       Reflection        |       |       |     2 |     2 ||     4

Table legend: (Time is in decaauts)
 A = Elapsed time spent in this place.
 B = Non-inter-level travel time spent in this place.
 C = Inter-level travel time spent in this place.
 D = Time resting spent in this place.
 E = Time spent auto-exploring this place.
 F = Levels seen in this place.
 G = Mean time per level.
                   A        B        C        D        E       F      G
               +--------+--------+--------+--------+--------+-----+--------+
         Total |   9131 |   8768 |    363 |   2835 |   2603 |   9 | 1014.6 |
       Dungeon |   8436 |   8294 |    142 |   2835 |   2249 |   8 | 1054.5 |
        Temple |    695 |    474 |    221 |      0 |    354 |   1 |  695.0 |
               +--------+--------+--------+--------+--------+-----+--------+

Top non-repeatable levels by time:
     D:5: 1480 daAuts
     D:6: 1352 daAuts
     D:2: 1228 daAuts
     D:1: 1123 daAuts
     D:7: 1066 daAuts
     D:3: 1039 daAuts
     D:4: 760 daAuts
  Temple: 695 daAuts
     D:8: 385 daAuts
